AoeStats
← Honper

Arabia

509169887Analyzed
1v1 RM · 5d ago on Sep 25, 2026· 37m 1s· 2 players
Game mode
Random Map
Map size
Tiny (2 player)
Population
200
Speed
Normal
Resources
Standard
Victory
Conquest
Starting age
Dark Age
Ending age
Imperial Age
RankedLock teamsTeams togetherTeam positionsShared explorationLock speedFull tech treeHidden civsTurbo modeCheats
Victory
Defeat
🇱🇹 Bulgarians · Lithuania
797
+17
🇨🇿 Franks · Czechia
828
-17
Capra
5:26 Loom
10:20 Feudal Age
10:59 Double-Bit Axe
12:59 Gold Mining
14:41 Arson
15:17 Scale Mail Armor
15:28 Forging
17:55 Horse Collar
23:05 Castle Age
24:08 Chain Mail Armor
24:29 Iron Casting
26:27 Squires
26:15 Gambesons
27:14 Heavy Plow
27:26 Bow Saw
27:53 Gold Shaft Mining
27:11 Stone Mining
29:02 Pikeman
30:06 Fletching
31:43 Scale Barding Armor
32:57 Chain Barding Armor
36:21 Stone Shaft Mining
Honper
1:38 Loom
10:07 Feudal Age
14:58 Fletching
17:53 Wheelbarrow
19:01 Double-Bit Axe
24:43 Castle Age
23:08 Scale Barding Armor
25:21 Forging
Connection lost

Rejoining the realm…

Still unreachable

The connection could not be restored.

Session expired

The server has moved on; the page needs a fresh start.